 Dungeon Crawl Stone Soup version 0.30-a0-371-gad7725a93e (webtiles) character file.

Game seed: 6170020020558750177

7766 jfcaron the Blocker (level 11, 0/95 HPs)
             Began as a Meteoran Fighter on Nov 21, 2022.
             Was a Believer of Qazlal.
             Slain by Fannar
             ... wielding a staff of cold
              (5 damage)
             ... on level 10 of the Dungeon.
             The game lasted 00:22:12 (3966 turns).

jfcaron the Blocker (Meteoran Fighter)              Turns: 3966, Time: 00:22:12

Health: 0/95       AC: 11    Str: 23    XL:     11   Next: 70%
Magic:  10/18      EV: 12    Int: 10    God:    Qazlal [**....]
Gold:   515        SH: 10    Dex: 13    Spells: 10/10 levels left

rFire   + . .      SeeInvis +    a - +1 war axe
rCold   + . .      Faith    +    c - +1 buckler
rNeg    . . .      Spirit   .    z - +0 chain mail
rPois   .          Reflect  .    (no helmet)
rElec   .          Harm     .    p - scarf {rC+ rF+}
rCorr   .          Rampage  .    (no gloves)
Will    +....                    (no boots)
Stlth   ..........               y - amulet of faith
HPRegen 0.35/turn                D - +4 ring of evasion
MPRegen 0.16/turn                u - ring of see invisible

@: glowing, studying Maces & Flails
A: sense surroundings 2, otherworldly, glowing, explore regen
a: Renounce Religion, Upheaval


You were on level 10 of the Dungeon.
You worshipped Qazlal.
Qazlal was pleased with you.
You visited 2 branches of the dungeon, and saw 11 of its levels.

You collected 569 gold pieces.
You spent 54 gold pieces at shops.

Inventory:

Hand Weapons
 a - a +1 war axe (weapon)
 f - a +0 mace
Missiles
 r - a throwing net {!f}
 t - 5 atropa-tipped darts {!f}
 B - 3 curare-tipped darts {!f}
 C - 6 poisoned darts
Armour
 b - a +0 scale mail
 c - a +1 buckler (worn)
 p - a scarf of resistance (worn)
 v - a +0 plate armour
 z - a +0 chain mail (worn)
Jewellery
 h - a +6 ring of intelligence
 u - a ring of see invisible (right hand)
 y - an amulet of faith (around neck)
 D - a +4 ring of evasion (left hand)
Wands
 m - a wand of flame (60)
 w - a wand of charming (1)
Scrolls
 d - a scroll of identify
 e - 2 scrolls of enchant weapon
 i - 2 scrolls of fear
 j - a scroll of poison
 n - a scroll of enchant armour
 o - 4 scrolls of teleportation
Potions
 g - a potion of brilliance
 k - a potion of flight
 l - 4 potions of curing
 q - 2 potions of attraction
 s - 3 potions of degeneration
Miscellaneous
 E - a phial of floods


   Skills:
 + Level 8.7 Fighting
 + Level 9.0 Axes
 + Level 9.5 Armour
 + Level 9.5 Shields
 + Level 8.0 Invocations
 + Level 7.3 Evocations


You had 10 spell levels left.
You didn't know any spells.
Your spell library contained the following spells:

 Spells                   Type           Power      Damage    Failure   Level
 Magic Dart               Conj           0%         1d3       95%         1
 Call Imp                 Summ           0%         N/A       99%         2
 Cigotuvi's Dreadful Rot  Necr/Pois/Air  0%         N/A       99%         2
 Poisonous Vapours        Pois/Air       0%         N/A       99%         2
 Sublimation of Blood     Necr           0%         N/A       99%         2
 Mephitic Cloud           Conj/Pois/Air  0%         N/A       100%        3
 Petrify                  Tmut/Erth      0%         N/A       100%        4
 Irradiate                Conj/Tmut      0%         3d11      100%        5
 Chain Lightning          Conj/Air       0%         N/A       100%        9
 Fire Storm               Conj/Fire      0%         5d1       100%        9
 Shatter                  Erth           0%         3d5*      100%        9


Dungeon Overview and Level Annotations

Branches:
Dungeon (10/15) Zot: 1975  Temple (1/1) D:5 Zot: 514    Lair (0/5) D:9
    Orc: D:9-12

Altars:
Ashenzari
Cheibriados
Elyvilon
Fedhas
Gozag
Hepliaklqana
Makhleb
Okawaru
Qazlal
Ru
Sif Muna
Trog
Uskayaw
Vehumet
Wu Jian
Xom
Zin
The Shining One

Shops:
D:2 [   D:9 (

Annotations:
D:10 Fannar


Innate Abilities, Weirdness & Mutations

You passively map the area around you.
You are easily found by Zot.
You glow in the dark.
You regain HP and MP as you explore.


Message History

You block the ice beast's attack.
Unknown command.
You closely miss Fannar.
Fannar is almost dead.
You hit the ice beast. You completely miss the ice beast.
You block Fannar's attack.
The ice beast hits you but does no damage.
The ice beast hits you.
* * * LOW HITPOINT WARNING * * *
The ice beast freezes you. You resist.
* * * LOW HITPOINT WARNING * * *
Aiming: Throw Flame
Press: ? - help, Shift-Dir - straight line, f/p - Fannar
Aim: Fannar, wielding a staff of cold and wearing a +1 robe of cold resistance (almost dead, 60% to hit)
Okay, then.
You barely miss Fannar.
Fannar is almost dead.
You hit the ice beast but do no damage. You barely miss the ice beast.
Fannar gestures wildly while chanting.
Fannar drains the heat from the surrounding environment!
You resist.
* * * LOW HITPOINT WARNING * * *
You block the ice beast's attack.
The ice beast hits you but does no damage.
Press: ? - help, v - describe, . - travel
Here: Fannar, wielding a staff of cold and wearing a +1 robe of cold resistance (almost dead)
The floor.
Unknown command.
Aiming: Upheaval
Press: ? - help, Dir - move target, f/p - Fannar
Aim: Fannar, wielding a staff of cold and wearing a +1 robe of cold resistance (almost dead)
Okay, then.
The ice beast attacks as you move away! You block the ice beast's attack.
Fannar attacks as you move away! You block Fannar's attack.
Fannar brushes some snowflakes from their robe.
The ice beast barely misses you. The ice beast attacks as you move away!
The ice beast misses you. Fannar attacks as you move away!
Fannar hits you but does no damage. Fannar freezes you.
You die...

#..#####..######.
########
#.........# *
#.........# *
.#####..# *
#..######. * * #
#......... ...
,.#####.........
, ...
......○.####### ,
### .......@# ,
.#####Ye# *, *
#YY# ,, *
#..######* ** ,,
#.........
#........., , ,,
,, ,,
#..#######*, ***
...# , ....# *


You could see Fannar and 3 ice beasts.

Vanquished Creatures
  A two-headed ogre (D:9)
  Erica (D:9)
  2 trolls
  A hornet (D:9)
  A steam dragon (D:7)
  Grum (D:10)
  19 yaks
  Menkaure (D:6)
  3 water moccasins
  An ice beast (D:7)
  2 orc warriors
  2 sky beasts (D:8)
  3 black bears (D:7)
  2 ogres (D:6)
  4 centaurs
  2 wolves (D:10)
  A phantom (D:6)
  A kobold brigand (D:8)
  2 bullfrogs
  A gnoll sergeant (D:10)
  4 necrophages
  A scorpion (D:6)
  A killer bee (D:6)
  4 howler monkeys
  4 hounds
  3 jellies
  An iguana (D:4)
  3 orc wizards
  5 adders
  4 gnolls (D:10)
  2 shadow imps
  2 white imps
  3 worms
  A dart slug (D:3)
  16 orcs
  9 ball pythons
  3 endoplasms
  A giant cockroach (D:2)
  7 goblins
  8 hobgoblins
  2 jackals (D:2)
  8 kobolds
  2 bats
  2 frilled lizards (D:1)
  4 rats
151 creatures vanquished.

Notes
Turn   | Place    | Note
-------+----------+-------------------------------------------
     0 | D:1      | jfcaron the Meteoran Fighter began the quest for the Orb.
     0 | D:1      | Reached XP level 1. HP: 19/19 MP: 2/2
   165 | D:1      | Reached XP level 2. HP: 26/26 MP: 3/3
   208 | D:1      | Found a faded altar of an unknown god.
   319 | D:2      | Reached XP level 3. HP: 31/31 MP: 4/4
   599 | D:2      | Reached XP level 4. HP: 40/40 MP: 5/5
   751 | D:2      | Found Esoch's Antique Armour Emporium.
  1307 | D:4      | Noticed a necrophage
  1316 | D:4      | Killed a necrophage
  1317 | D:4      | Reached XP level 5. HP: 46/46 MP: 6/6
  1450 | D:4      | Reached XP level 6. HP: 43/53 MP: 7/7
  1486 | D:4      | Found a blossoming altar of Fedhas.
  1665 | D:5      | Entered Level 5 of the Dungeon
  1677 | D:5      | Reached skill level 5 in Armour
  1677 | D:5      | Reached skill level 5 in Shields
  1803 | D:5      | Found a snail-covered altar of Cheibriados.
  1817 | D:5      | Found a staircase to the Ecumenical Temple.
  1828 | Temple   | Entered the Ecumenical Temple
  1876 | Temple   | Became a worshipper of Qazlal Stormbringer
  1963 | D:5      | Noticed a centaur
  1972 | D:5      | Killed a centaur
  1973 | D:5      | Reached XP level 7. HP: 39/60 MP: 8/8
  1999 | D:5      | Reached skill level 5 in Fighting
  2122 | D:6      | Noticed Menkaure
  2127 | D:6      | Killed Menkaure
  2128 | D:6      | Reached skill level 5 in Axes
  2128 | D:6      | Reached XP level 8. HP: 57/69 MP: 9/9
  2172 | D:6      | Reached skill level 1 in Evocations
  2220 | D:6      | Reached skill level 1 in Invocations
  2303 | D:6      | HP: 13/70 [poisoned by a water moccasin]
  2303 | D:6      | HP: 5/70 [water moccasin (3)]
  2309 | D:6      | Gained mutation: You passively map the area around you.
                  | [Meteoran growth]
  2309 | D:6      | Reached XP level 9. HP: 14/75 MP: 11/11
  2311 | D:6      | Reached * piety under Qazlal
  2794 | D:8      | Reached XP level 10. HP: 54/84 MP: 14/14
  2802 | D:8      | Reached skill level 5 in Invocations
  2844 | D:8      | HP: 17/86 [yak (7)]
  2846 | D:8      | Reached skill level 5 in Evocations
  2855 | D:8      | HP: 17/86 [poisoned by a kobold]
  2872 | D:8      | Reached ** piety under Qazlal
  3049 | D:8      | Found a broken altar of Ashenzari.
  3187 | D:9      | Noticed a two-headed ogre
  3195 | D:9      | Killed a two-headed ogre
  3208 | D:9      | Found a staircase to the Lair.
  3230 | D:9      | Found Itsietwa's Firing Range.
  3240 | D:9      | Bought a throwing net for 39 gold pieces
  3240 | D:9      | Bought 2 curare-tipped darts for 15 gold pieces
  3270 | D:9      | Noticed Erica
  3276 | D:9      | Killed Erica
  3277 | D:9      | Reached XP level 11. HP: 91/94 MP: 11/17
  3283 | D:9      | Found a shimmering altar of Xom.
  3351 | D:9      | Found a hide-covered altar of Uskayaw.
  3355 | D:9      | Found a radiant altar of Vehumet.
  3359 | D:9      | Found an ornate altar of the Wu Jian Council.
  3410 | D:10     | Entered Level 10 of the Dungeon
  3518 | D:10     | Found a bloodstained altar of Trog.
  3595 | D:10     | Noticed Grum
  3611 | D:10     | HP: 9/94 [Grum/-2 vorpal spear (16)]
  3613 | D:10     | Killed Grum
  3647 | D:10     | HP: 14/94 [yak (9)]
  3652 | D:10     | HP: 6/94 [yak (8)]
  3662 | D:10     | HP: 17/94 [yak (4)]
  3664 | D:10     | HP: 5/94 [yak (6)]
  3733 | D:10     | HP: 19/95 [yak (1)]
  3733 | D:10     | HP: 9/95 [yak (10)]
  3762 | D:10     | HP: 11/95 [yak (9)]
  3931 | D:10     | Noticed Fannar
  3952 | D:10     | HP: 14/95 [Fannar/bolt of cold (18)]
  3958 | D:10     | HP: 13/95 [Fannar/staff of cold (2)]
  3963 | D:10     | HP: 12/95 [ice beast[Fannar] (3)]
  3964 | D:10     | HP: 5/95 [Fannar/staff of cold (3)]
  3966 | D:10     | Slain by Fannar

Illustrated notes

Levels and vault maps discovered:
D:1:      lemuel_arrival_muddy, layout_basic,
          dilly_ecumenical_altar_fadedgnrine, grunt_decor_one_mirror
D:2:      layout_basic, serial_shops, shop, basic_altar, nicolae_titane
D:3:      layout_basic, chequers_serial_rivers_large_a, minmay_circle_x
D:4:      layout_rooms, lemuel_crystal_altar, serial_co_window_serial,
          co_window_corner_a, co_window_corner_a, co_window_paths_a,
          co_window_paths_b, co_window_corner_a, co_window_paths_b,
          co_window_corner_b, co_window_corner_cb, co_window_2corner,
          co_window_corner_b, co_window_2corner, co_window_corner_b,
          co_window_2corner
D:5:      layout_cave_pods, mainiacjoe_overflow_alcove_2,
          nicolae_overflow_crystal_walls, slow_altar_1,
          minmay_temple_entry_statues_fountains
D:6:      layout_basic, nicolae_overflow_hidden_temple, minmay_between,
          uniq_menkaure
D:7:      layout_rooms, mainiacjoe_overflow_catwalk, dk_rats_in_the_wall
D:8:      layout_cave_pools, ashenzari_altar_1, serial_park, serial_park_tiny_2,
          serial_park_square2, serial_park_square3
          [serial_park_minivault_5x5_3], serial_park_gazebo
          [serial_park_minivault_5x5_7]
D:9:      layout_cave_pools, mainiacjoe_overflow_small_starburst,
          minmay_overflow_temple_star_quad, nicolae_shop_firing_range,
          uniq_erica
D:10:     layout_small_grid, amcnicky_altar_gilded, uniq_grum, uniq_fannar
Temple:   jpeg_temple_alley_garden

Skill      XL: |  1  2  3  4  5  6  7  8  9 10 11 |
---------------+----------------------------------+-----
Armour         | 4 5 6 7 8 9 |  9.5
Axes           | 3 4 5 6 8 9 |  9.0
Shields        | 4 5 6 7 8 9 |  9.5
Fighting       | 4 5 6 7 8 |  8.7
Evocations     | 2 4 6 7 |  7.3
Invocations    | 2 4 6 8 |  8.0

Action                   |  1- 3 |  4- 6 |  7- 9 | 10-12 || total
-------------------------+-------+-------+-------+-------++-------
Melee: War axe           |    61 |   102 |   182 |   186 ||   531
Throw: Dart              |       |       |       |     3 ||     3
Invok: Upheaval          |       |       |       |     9 ||     9
Evoke: Wand              |       |       |    14 |    12 ||    26
  Use: Scroll            |       |     7 |     1 |    12 ||    20
       Potion            |       |       |     2 |     7 ||     9
 Stab: Invisible         |       |       |     1 |     1 ||     2
Armor: Scale mail        |    29 |    47 |   101 |       ||   177
       Chain mail        |       |       |     4 |    88 ||    92
Dodge: Dodged            |    23 |    51 |    94 |    82 ||   250
Block: Buckler           |    16 |    27 |    68 |   108 ||   219

Table legend: (Time is in decaauts)
 A = Elapsed time spent in this place.
 B = Non-inter-level travel time spent in this place.
 C = Inter-level travel time spent in this place.
 D = Time resting spent in this place.
 E = Time spent auto-exploring this place.
 F = Levels seen in this place.
 G = Mean time per level.
                   A        B        C        D        E       F      G
               +--------+--------+--------+--------+--------+-----+--------+
         Total |   4109 |   3803 |    306 |      0 |   1804 |  11 |  373.5 |
       Dungeon |   4024 |   3754 |    270 |      0 |   1768 |  10 |  402.4 |
        Temple |     85 |     49 |     36 |      0 |     36 |   1 |   85.0 |
               +--------+--------+--------+--------+--------+-----+--------+

Top non-repeatable levels by time:
     D:3: 652 daAuts
    D:10: 559 daAuts
     D:2: 509 daAuts
     D:8: 448 daAuts
     D:6: 405 daAuts
     D:7: 340 daAuts
     D:9: 280 daAuts
     D:1: 279 daAuts
     D:4: 276 daAuts
     D:5: 271 daAuts
  Temple: 85 daAuts
